 Dungeon Crawl Stone Soup version 0.18.1-50-g88ac8fd (webtiles) character file.

87 RudyRod the Firebug (level 4, -1/45 HPs)
             Began as a Demonspawn Fire Elementalist on Oct 24, 2016.
             Succumbed to Ijyb's poison
             ... on level 2 of the Dungeon.
             The game lasted 00:08:04 (2215 turns).

RudyRod the Firebug (Demonspawn Fire Elementalist)  Turns: 2215, Time: 00:08:05

Health: -1/45      AC: 22    Str:  6 (8)  XL:     4   Next: 28%
Magic:  7/8        EV:  2    Int: 15 (17) God:
Gold:   84         SH:  0    Dex: 13 (14) Spells: 1 memorised, 7 levels left

rFire  . . .     SeeInvis .     e - +0 club
rCold  . . .     Gourm    .     (armour currently unavailable)
rNeg   + + +     Faith    .     (no shield)
rPois  +         Spirit   .     (helmet currently unavailable)
rElec  .         Dismiss  .     (cloak currently unavailable)
rCorr  .         Reflect  .     (gloves currently unavailable)
SustAt .         Harm     .     (boots currently unavailable)
MR     .....     NoTele   +     (no amulet)
Stlth  ++........               (no ring)
                                (no ring)

@: lethally poisoned (-1 -> -33), tree-form, very slightly contaminated, not
resistant to hostile enchantments, unstealthy
A: (slimy green scales 0), (cold resistance 0)
a: no special abilities


You were on level 2 of the Dungeon.
You were not hungry.
You were a tree.
You visited 1 branch of the dungeon, and saw 2 of its levels.

You collected 84 gold pieces.

Inventory:

Hand Weapons
 e - a +0 club (weapon)
Armour
 a - a +0 robe (melded)
Scrolls
 f - 2 scrolls of identify
 g - a scroll of remove curse {unknown}
 i - 2 scrolls of noise
 m - a scroll of teleportation {unknown}
 n - a scroll of random uselessness {unknown}
Books
 b - a book of Flames

   Spells                             Type                      Level
   a - Flame Tongue                   Conjuration/Fire             1
   b - Throw Flame                    Conjuration/Fire             2
   c - Conjure Flame                  Conjuration/Fire             3
   d - Inner Flame                    Hexes/Fire                   3
   e - Sticky Flame                   Conjuration/Fire             4
   f - Fireball                       Conjuration/Fire             5
Comestibles
 c - 2 bread rations
 d - 5 chunks of flesh
 h - a meat ration
 o - 4 fruits


   Skills:
 * Level 2.3 Dodging
 + Level 2.1 Stealth
 + Level 0.1 Unarmed Combat
 * Level 2.9 Spellcasting
 + Level 1.6 Conjurations
 + Level 3.3 Fire Magic


You had 7 spell levels left.
You knew the following spells:

 Your Spells              Type           Power        Failure   Level  Hunger
a - Flame Tongue          Conj/Fire      #....        10%         1    #......


Dungeon Overview and Level Annotations

Branches:
Dungeon (2/15)

Altars:
Makhleb
Zin

Annotations:
D:2 Ijyb


Innate Abilities, Weirdness & Mutations

((You are mostly covered in slimy green scales (AC +3).))
((Your flesh is cold resistant.))


Message History

The giant newt barely misses you. Ijyb hits you but does no damage.
You closely miss Ijyb.
Ijyb is severely wounded.
* * * LOW HITPOINT WARNING * * *
You feel very sick.
The giant newt bites you but does no damage.
Ijyb hits you but does no damage.
You are more poisoned.
You barely miss Ijyb.
Ijyb is severely wounded.
* * * LOW HITPOINT WARNING * * *
You feel very sick.
The giant newt bites you but does no damage.
Ijyb hits you but does no damage. The giant newt completely misses you.
Read which item? (? for menu, Esc to quit)
As you read the scroll labeled VIFIOR FIBU, it crumbles to dust.
It is a scroll of identify.
Identify which item? (\ to view known items) (? for menu, Esc to quit)
i - 2 scrolls of noise You die...

..##... ..
###............##
##..............##
#................##
..................# #
..................# #.##
.......#..#.......#.....
........≈≈.......l'.....
........≈≈......♣g'.#
..)....#..#.......#.....
..................# ..#
..................# #
#................##
##..............##
##............##
##..........##
##........##


You could see Ijyb and a giant newt.

Vanquished Creatures
  4 adders (D:2)
  A worm (D:2)
  2 dart slugs
  8 bats
  3 giant cockroaches (D:1)
  7 goblins
  7 hobgoblins
  4 jackals (D:2)
  A quokka (D:2)
  A giant newt (D:2)
  2 kobolds (D:1)
  3 rats (D:1)
43 creatures vanquished.

Notes
Turn   | Place    | Note
--------------------------------------------------------------
     0 | D:1      | RudyRod the Demonspawn Fire Elementalist began the quest for the Orb.
     0 | D:1      | Reached XP level 1. HP: 13/13 MP: 3/3
   364 | D:1      | Reached skill level 3 in Fire Magic
   377 | D:1      | Gained mutation: Your flesh is cold resistant. [demonic ancestry]
   377 | D:1      | Reached XP level 2. HP: 19/19 MP: 3/5
  1186 | D:1      | Gained mutation: You are partially covered in slimy green scales (AC +2). [demonic ancestry]
  1186 | D:1      | Reached XP level 3. HP: 24/24 MP: 0/6
  1792 | D:2      | Found a burning altar of Makhleb.
  1797 | D:2      | Found a glowing silver altar of Zin.
  1798 | D:2      | Noticed an angel
  1798 | D:2      | Noticed a cacodemon
  1988 | D:2      | Gained mutation: You are mostly covered in slimy green scales (AC +3). [demonic ancestry]
  1988 | D:2      | Reached XP level 4. HP: 30/30 MP: 5/8
  2189 | D:2      | Noticed Ijyb
  2214 | D:2      | HP: 2/45 [poisoned by Ijyb]
  2215 | D:2      | Succumbed to Ijyb's poison

Skill      XL: |  1  2  3 |
---------------+----------+-----
Fire Magic     | 3 |  3.3
Dodging        | 2 |  2.3
Stealth        | 2 |  2.1
Unarmed Combat | |  0.1
Spellcasting   | |  2.9
Conjurations   | |  1.6

Action                   |  1- 3 |  4- 6 || total
-------------------------+-------+-------++-------
Melee: Club              |    17 |    36 ||    53
       Unarmed           |     5 |       ||     5
 Cast: Flame Tongue      |    65 |    18 ||    83
  Use: Potion            |       |     4 ||     4
       Scroll            |       |     1 ||     1
 Stab: Sleeping          |     2 |       ||     2
  Eat: Chunk             |     4 |     1 ||     5
Armor: Robe              |     6 |    13 ||    19
       Skin              |       |    37 ||    37
Dodge: Dodged            |    34 |    33 ||    67
